 Dungeon Crawl Stone Soup version 0.25-a0-663-gace7076 (webtiles) character file.

Game seed: 11153615482904249999, levelgen mode: deterministic

184 MrTaco21 the Cudgeler (level 5, -3/32 HPs)
             Began as a Gargoyle Fighter on Mar 24, 2020.
             Slain by an iguana (5 damage)
             ... on level 4 of the Dungeon.
             The game lasted 00:02:26 (1960 turns).

MrTaco21 the Cudgeler (Gargoyle Fighter)            Turns: 1960, Time: 00:02:27

Health: -3/32      AC:  9    Str: 21    XL:     5   Next: 64%
Magic:  5/5        EV:  8    Int:  8    God:
Gold:   155        SH:  9    Dex:  9    Spells: 4/4 levels left

rFire    . . .     SeeInvis .   a - +0 flail
rCold    . . .     Gourm    .   c - +0 kite shield
rNeg     + . .     Faith    .   n - +0 ring mail (curse)
rPois    ∞         Spirit   .   (no helmet)
rElec    +         Reflect  .   (no cloak)
rCorr    .         Harm     .   (no gloves)
MR       .....                  (no boots)
Stlth    ..........             (no amulet)
HPRegen  0.10/turn              m - +3 ring of slaying
MPRegen  0.09/turn              (no ring)

@: no status effects
A: negative energy resistance 1, electricity resistance, unbreathing,
petrification resistance, rot immunity, AC +4
a: no special abilities


You were on level 4 of the Dungeon.
You were not hungry.

You visited 1 branch of the dungeon, and saw 4 of its levels.

You collected 155 gold pieces.

Inventory:

Hand Weapons
 a - a +0 flail (weapon)
Missiles
 j - 7 poisoned darts (quivered)
Armour
 b - a +0 scale mail
 c - a +0 kite shield (worn)
 n - a cursed +0 ring mail (worn)
   (You found it on level 2 of the Dungeon)
Jewellery
 m - a +3 ring of slaying (left hand)
   (You found it on level 2 of the Dungeon)
Scrolls
 g - a scroll of remove curse {unknown}
 h - 3 scrolls of identify {unknown}
 k - a scroll of teleportation {unknown}
 o - a scroll of magic mapping {unknown}
 p - a scroll of fog {unknown}
Potions
 d - a potion of might
 i - 2 potions of flight {unknown}
 l - a potion of cancellation {unknown}
 q - a potion of stabbing {unknown}
Comestibles
 e - 5 rations {!d}


   Skills:
 - Level 3.2 Fighting
 + Level 5.7 Maces & Flails
 - Level 3.2 Armour
 - Level 3.2 Shields


You had 4 spell levels left.
You didn't know any spells.
Your spell library was empty.

Dungeon Overview and Level Annotations

Branches:
Dungeon (4/15)
 Temple: D:4-7

Altars:
Fedhas
Hepliaklqana
The Shining One


Innate Abilities, Weirdness & Mutations

You are resistant to torment.
Your stone body is resilient. (AC +4)
You are immune to poison.
You resist negative energy. (rN+)
You are resistant to electric shocks. (rElec)
You can survive without breathing.
You are immune to petrification.
You are immune to rotting.


Message History

No target in view!
No target in view!
No target in view!
No target in view!
No target in view!
You now have 155 gold pieces (gained 12).
Found a fizzy dark potion.
q - a fizzy dark potion A hound comes into view.
The hound barks!
You hear an angry hiss.
The hound closely misses you.
You completely miss the hound. The hound bites you but does no damage.
The hound bites you.
You hit the hound.
An iguana comes into view.
The hound barely misses you.
You miss the hound.
The iguana hisses angrily.
The hound bites you but does no damage. x2
All of the chunks of flesh in your inventory have rotted away.
Your shield prevents you from hitting the hound.
You block the hound's attack. The hound completely misses you.
You hit the hound but do no damage. The hound bites you.
You block the hound's attack.
You closely miss the hound. The hound bites you.
The iguana bites you but does no damage.
The hound barely misses you.
You sock the hound!
You kill the hound!
The iguana bites you.
You closely miss the iguana. The iguana bites you!
* * * LOW HITPOINT WARNING * * *
You are too injured to fight recklessly!
You hit the iguana but do no damage. The iguana bites you.
* * * LOW HITPOINT WARNING * * *
You closely miss the iguana. The iguana bites you.
* * * LOW HITPOINT WARNING * * *
You block the iguana's attack.
You hit the iguana but do no damage. The iguana barely misses you.
Unknown command.
You hit the iguana. You block the iguana's attack.
Unknown command.
You hit the iguana. You block the iguana's attack.
Unknown command.
You hit the iguana but do no damage. The iguana barely misses you.
Unknown command.
You barely miss the iguana. The iguana barely misses you.
Unknown command.
You hit the iguana. The iguana bites you.
You die...

# .# .
.##.. .....
#####..##.#
#...l......
#..@†......
#.###..##..
#.# .# #.#
# #######.#
#.......#
#.#####.#
#.# #.# #.#
#.#


You could see an iguana.

Vanquished Creatures
  2 hounds (D:4)
  6 adders
  An ooze (D:3)
  2 worms
  A dart slug (D:1)
  4 leopard geckos
  6 orcs (D:3)
  3 giant cockroaches
  7 hobgoblins
  A bat (D:1)
  A frilled lizard (D:1)
  8 goblins
  4 kobolds
  9 rats
55 creatures vanquished.

Notes
Turn   | Place    | Note
-------+----------+-------------------------------------------
     0 | D:1      | MrTaco21 the Gargoyle Fighter began the quest for the Orb.
     0 | D:1      | Reached XP level 1. HP: 14/14 MP: 1/1
   232 | D:1      | Reached XP level 2. HP: 19/19 MP: 2/2
   283 | D:1      | Reached skill level 3 in Maces & Flails
   645 | D:2      | Reached XP level 3. HP: 16/23 MP: 3/3
   983 | D:2      | Reached skill level 4 in Maces & Flails
  1065 | D:2      | Reached XP level 4. HP: 28/28 MP: 4/4
  1504 | D:3      | Reached skill level 5 in Maces & Flails
  1556 | D:3      | Reached XP level 5. HP: 25/32 MP: 5/5
  1591 | D:3      | Found a glowing golden altar of the Shining One.
  1643 | D:3      | Found a blossoming altar of Fedhas.
  1643 | D:3      | Found a hazy altar of Hepliaklqana.
  1954 | D:4      | HP: 1/32 [iguana (5)]
  1960 | D:4      | Slain by an iguana

Levels and vault maps discovered:
D:1:      lemuel_arrival_funnel, layout_loops_ring
D:2:      layout_loops_ring, minmay_cupped
D:3:      layout_rooms, tso_altar, chequers_temple_overflow_statue_of_worship
D:4:      layout_loops_ring, cheibrodos_ashenzari_chains,
          minmay_temple_entry_proselytizer, first_ration, uniq_blork_the_orc

Skill      XL: |  1  2  3  4 |
---------------+-------------+-----
Maces & Flails | 3 4 5 |  5.7
Fighting       | |  3.2
Armour         | |  3.2
Shields        | |  3.2

Action                   |  1- 3 |  4- 6 || total
-------------------------+-------+-------++-------
Melee: Flail             |   103 |   134 ||   237
  Eat: Chunk             |     1 |     3 ||     4
Armor: Scale mail        |    46 |     8 ||    54
       Ring mail         |       |    45 ||    45
Dodge: Dodged            |    30 |    57 ||    87
Block: Kite shield       |    43 |    68 ||   111

Table legend:
 A = Non-vault XP
 B = Vault XP
 C = Vault XP percentage of total XP
 D = Non-vault monster count
 E = Vault monster count
 F = Vault count percentage of total count
                 A         B        C        D         E       F
            +---------+---------+-------+---------+---------+-------
      Total |     236 |      28 |  10.6 |      52 |       3 |   5.5
            +---------+---------+-------+---------+---------+-------
        D:1 |      28 |       0 |   0.0 |      16 |       0 |   0.0
        D:2 |      62 |      28 |  31.1 |      15 |       3 |  16.7
        D:3 |      63 |       0 |   0.0 |      19 |       0 |   0.0
        D:4 |      83 |       0 |   0.0 |       2 |       0 |   0.0
            +---------+---------+-------+---------+---------+-------
